TOP OF THE 1ST |
Bellevue Bruins batting - Pitching for Myrtle Beach Seahawks : RHP José Molina
|
Pitching: RHP José Molina
|
|
Batting: RHB Luis Ríos
|
0-0: Ball 1-0: Foul Ball, location: 2F 1-1: Called Strike 1-2: Ball 2-2: SINGLE (Groundball, 6MD)
|
Batting: LHB José Barrón
|
0-0: Swinging Strike 0-1: Ground out 4-3 (Groundball, 4M) Luis Ríos to second
|
Batting: LHB Chia-ch'ing Dodman
|
0-0: Ball Luis Ríos steals 3rd base 1-0: Ball 2-0: Ball 3-0: Base on Balls
|
Batting: LHB Jim Schlossnagle
|
0-0: Ball 1-0: Ball 2-0: Called Strike Pickoff Throw by Catcher to First - Error! E2 Luis Ríos scores Chia-ch'ing Dodman to second 2-1: Ball 3-1: Called Strike 3-2: Strikes out swinging
|
Batting: RHB Leo Shoemaker
|
0-0: Called Strike 0-1: Called Strike 0-2: Strikes out swinging
|
Top of the 1st over - 1 run(s), 1 hit(s), 1 error(s), 1 left on base; Bellevue 1 - Myrtle Beach 0 |
BOTTOM OF THE 1ST |
Myrtle Beach Seahawks batting - Pitching for Bellevue Bruins : RHP Alfonso Santa Maria
|
Pitching: RHP Alfonso Santa Maria
|
|
Batting: RHB Thom Beach
|
0-0: Ball 1-0: Ground out 4-3 (Groundball, 4)
|
Batting: RHB José Morín
|
0-0: Called Strike 0-1: Ball 1-1: Ball 2-1: Foul Ball, location: 2F 2-2: Foul Ball, location: 2F 2-2: Foul Ball, location: 2F 2-2: Ball 3-2: Ground out 4-3 (Groundball, 4)
|
Batting: SHB Bill Peterson
|
0-0: Ball 1-0: Called Strike 1-1: SINGLE (Line Drive, 4D)
|
Batting: RHB Juan Báez
|
0-0: Called Strike 0-1: Swinging Strike 0-2: SINGLE (Line Drive, 7S) Bill Peterson to second
|
Batting: RHB León Sánchez
|
0-0: Called Strike 0-1: Ball 1-1: Ball 2-1: Ground out 1-3 (Groundball, 15)
|
Bottom of the 1st over - 0 run(s), 2 hit(s), 0 error(s), 2 left on base; Bellevue 1 - Myrtle Beach 0 |
TOP OF THE 2ND |
Bellevue Bruins batting - Pitching for Myrtle Beach Seahawks : RHP José Molina
|
Batting: RHB Nick Hoskins
|
0-0: Ground out 4-3 (Groundball, 4)
|
Batting: RHB Mark Bishop
|
0-0: Fly out, F7 (Flyball, 78D)
|
Batting: SHB Ramón García
|
0-0: Ground out U3 (Groundball, 3)
|
Top of the 2nd over - 0 run(s), 0 hit(s), 0 error(s), 0 left on base; Bellevue 1 - Myrtle Beach 0 |
BOTTOM OF THE 2ND |
Myrtle Beach Seahawks batting - Pitching for Bellevue Bruins : RHP Alfonso Santa Maria
|
Batting: LHB Tae-sang Han
|
0-0: SINGLE (Line Drive, 89S)
|
Batting: LHB Jim Unknown
|
0-0: Called Strike 0-1: Ball 1-1: Ball 2-1: Ball 3-1: Base on Balls Tae-sang Han to second
|
Batting: RHB Rodney Dudley
|
0-0: Called Strike 0-1: Fly out, F7 (Flyball, 7LS)
|
Batting: RHB Pedro Méndez
|
0-0: Ball 1-0: Called Strike 1-1: Ball 2-1: Called Strike 2-2: Strikes out looking
|
Batting: RHB Thom Beach
|
0-0: Called Strike 0-1: Fly out, F9 (Flyball, 9M)
|
Bottom of the 2nd over - 0 run(s), 1 hit(s), 0 error(s), 2 left on base; Bellevue 1 - Myrtle Beach 0 |
TOP OF THE 3RD |
Bellevue Bruins batting - Pitching for Myrtle Beach Seahawks : RHP José Molina
|
Batting: SHB Manny Flores
|
0-0: Ball 1-0: Called Strike 1-1: Called Strike 1-2: Fly out, F7 (Flyball, 7M)
|
Batting: RHB Luis Ríos
|
0-0: Called Strike 0-1: Ball 1-1: SINGLE (Line Drive, 8LS)
|
Batting: LHB José Barrón
|
0-0: Ball 1-0: Called Strike 1-1: Ball 2-1: Ball 3-1: Called Strike 3-2: Base on Balls Luis Ríos to second
|
Batting: LHB Chia-ch'ing Dodman
|
0-0: Swinging Strike 0-1: Foul Ball, location: 2F 0-2: Ball 1-2: Foul Ball, location: 2F 1-2: Fielders Choice at 2nd, 4-6 (Groundball, 4) Luis Ríos to third
|
Batting: LHB Jim Schlossnagle
|
0-0: Ball 1-0: Ball 2-0: Foul Ball, location: 2F 2-1: Called Strike 2-2: Ball 3-2: Strikes out looking
|
Top of the 3rd over - 0 run(s), 1 hit(s), 0 error(s), 2 left on base; Bellevue 1 - Myrtle Beach 0 |
BOTTOM OF THE 3RD |
Myrtle Beach Seahawks batting - Pitching for Bellevue Bruins : RHP Alfonso Santa Maria
|
Batting: RHB José Morín
|
0-0: Reached on error, E6 (Groundball, 6)
|
Batting: SHB Bill Peterson
|
0-0: Ball 1-0: Ball 2-0: Ball 3-0: Base on Balls
|
Batting: RHB Juan Báez
|
0-0: Ball 1-0: Called Strike 1-1: Foul Ball, location: 2F 1-2: Strikes out swinging
|
Batting: RHB León Sánchez
|
0-0: Ball 1-0: DOUBLE (Line Drive, 8LM) José Morín scores Bill Peterson to third
|
Batting: LHB Tae-sang Han
|
0-0: Ball 1-0: SINGLE (Flyball, 9S) Bill Peterson scores León Sánchez to third Runner from 3rd tries for Home, SAFE, throw made home Tae-sang Han to second
|
Batting: LHB Jim Unknown
|
0-0: Called Strike 0-1: Ball 1-1: Ball 2-1: Fly out, F2 (Popup, 23)
|
Batting: RHB Rodney Dudley
|
0-0: Foul Ball, location: 2F 0-1: Foul Ball, location: 2F 0-2: Ball 1-2: Ball 2-2: Ball 3-2: Base on Balls
|
Batting: RHB Pedro Méndez
|
0-0: SINGLE (Line Drive, 5D) Tae-sang Han to third Rodney Dudley to second Runner from 3rd tries for Home, SAFE, no throw or cutoff
|
Batting: RHB Thom Beach
|
0-0: Swinging Strike 0-1: Ball 1-1: Ball 2-1: Ball 3-1: Base on Balls Rodney Dudley to third Pedro Méndez to second
|
Batting: RHB José Morín
|
0-0: Swinging Strike 0-1: Swinging Strike 0-2: Ground out 6-3 (Groundball, 6MS)
|
Bottom of the 3rd over - 4 run(s), 3 hit(s), 1 error(s), 3 left on base; Bellevue 1 - Myrtle Beach 4 |
TOP OF THE 4TH |
Bellevue Bruins batting - Pitching for Myrtle Beach Seahawks : RHP José Molina
|
Batting: RHB Leo Shoemaker
|
0-0: Ball 1-0: Ball 2-0: Foul Ball, location: 2F 2-1: Ball 3-1: Base on Balls
|
Batting: RHB Nick Hoskins
|
0-0: Foul Ball, location: 2F 0-1: Swinging Strike 0-2: Ball 1-2: Ball 2-2: Foul Ball, location: 2F 2-2: Foul Ball, location: 2F 2-2: Strikes out looking
|
Batting: RHB Mark Bishop
|
0-0: SINGLE (Groundball, 6M) Leo Shoemaker to second Runner from 2nd tries for 3rd, SAFE, throw made to third
|
Batting: SHB Ramón García
|
0-0: Ball 1-0: Swinging Strike 1-1: Fly out, F6 (Popup, 5DF)
|
Batting: SHB Manny Flores
|
0-0: Called Strike 0-1: Ball 1-1: Ball 2-1: Ground out U3 (Groundball, 3S)
|
Top of the 4th over - 0 run(s), 1 hit(s), 0 error(s), 2 left on base; Bellevue 1 - Myrtle Beach 4 |
BOTTOM OF THE 4TH |
Myrtle Beach Seahawks batting - Pitching for Bellevue Bruins : RHP Alfonso Santa Maria
|
Batting: SHB Bill Peterson
|
0-0: Fly out, F7 (Flyball, 78S)
|
Batting: RHB Juan Báez
|
0-0: Ball 1-0: Called Strike 1-1: Called Strike 1-2: Strikes out swinging
|
Batting: RHB León Sánchez
|
0-0: Called Strike 0-1: SINGLE (Flyball, 9S)
|
Batting: LHB Tae-sang Han
|
0-0: Called Strike 0-1: SINGLE (Line Drive, 9LS) León Sánchez to second Throwing error, E9 León Sánchez scores Tae-sang Han to second
|
Batting: LHB Jim Unknown
|
0-0: Called Strike 0-1: Swinging Strike 0-2: Ball 1-2: Foul Ball, location: 2F 1-2: Strikes out swinging
|
Bottom of the 4th over - 1 run(s), 2 hit(s), 1 error(s), 1 left on base; Bellevue 1 - Myrtle Beach 5 |
TOP OF THE 5TH |
Bellevue Bruins batting - Pitching for Myrtle Beach Seahawks : RHP José Molina
|
Batting: RHB Luis Ríos
|
0-0: Foul Ball, location: 2F 0-1: Ball 1-1: Swinging Strike 1-2: DOUBLE (Groundball, 5L)
|
Batting: LHB José Barrón
|
0-0: Ball 1-0: Ball 2-0: Ball 3-0: Called Strike 3-1: Base on Balls
|
Batting: LHB Chia-ch'ing Dodman
|
0-0: Ball 1-0: Swinging Strike 1-1: Foul Ball, location: 2F 1-2: Ball 2-2: Ball 3-2: Fielders Choice at 2nd, 3-6 (Groundball, 3) Luis Ríos to third
|
Batting: LHB Jim Schlossnagle
|
0-0: Called Strike 0-1: Called Strike 0-2: Ball 1-2: Strikes out swinging
|
Batting: RHB Leo Shoemaker
|
0-0: Reached on error, E5 (Groundball, 56S) Luis Ríos scores Chia-ch'ing Dodman to third
|
Batting: RHB Nick Hoskins
|
0-0: Called Strike 0-1: Ball 1-1: Called Strike 1-2: Reached on Error, E9 (Flyball, 9M) Chia-ch'ing Dodman scores Leo Shoemaker scores
|
Batting: RHB Mark Bishop
|
0-0: Called Strike 0-1: Called Strike 0-2: Ball 1-2: Ball 2-2: Strikes out swinging
|
Top of the 5th over - 3 run(s), 1 hit(s), 2 error(s), 1 left on base; Bellevue 4 - Myrtle Beach 5 |
BOTTOM OF THE 5TH |
Myrtle Beach Seahawks batting - Pitching for Bellevue Bruins : RHP Alfonso Santa Maria
|
Pitching: RHP Will Moore
|
|
Batting: RHB Rodney Dudley
|
0-0: Ball 1-0: Foul Ball, location: 2F 1-1: Bunted foul 1-2: Foul Ball, location: 2F 1-2: Ball 2-2: Fly out, F8 (Flyball, 8RM)
|
Batting: RHB Pedro Méndez
|
0-0: Foul Ball, location: 2F 0-1: Ball 1-1: Called Strike 1-2: Foul Ball, location: 2F 1-2: Strikes out swinging
|
Batting: RHB Thom Beach
|
0-0: Ball 1-0: Called Strike 1-1: Ball 2-1: Ball 3-1: Fly out, F8 (Flyball, 8LM)
|
Bottom of the 5th over - 0 run(s), 0 hit(s), 0 error(s), 0 left on base; Bellevue 4 - Myrtle Beach 5 |
TOP OF THE 6TH |
Bellevue Bruins batting - Pitching for Myrtle Beach Seahawks : RHP José Molina
|
Batting: SHB Ramón García
|
0-0: Ball 1-0: Called Strike 1-1: Ball 2-1: Ball 3-1: Swinging Strike 3-2: Base on Balls
|
Pitching: LHP Bartolo Pérez
|
|
Batting: SHB Manny Flores
|
0-0: Sac Bunt - play at first, batter OUT! 1-4 Ramón García to second
|
Batting: RHB Luis Ríos
|
0-0: Called Strike 0-1: Ground out 6-3 (Groundball, 6)
|
Batting: LHB José Barrón
|
0-0: Called Strike 0-1: Ball 1-1: Foul Ball, location: 2F 1-2: Foul Ball, location: 2F 1-2: Strikes out swinging
|
Top of the 6th over - 0 run(s), 0 hit(s), 0 error(s), 1 left on base; Bellevue 4 - Myrtle Beach 5 |
BOTTOM OF THE 6TH |
Myrtle Beach Seahawks batting - Pitching for Bellevue Bruins : RHP Will Moore
|
Batting: RHB José Morín
|
0-0: Foul Ball, location: 2F 0-1: Ground out 6-3 (Groundball, 56D)
|
Batting: SHB Bill Peterson
|
0-0: Called Strike 0-1: Called Strike 0-2: Foul Ball, location: 2F 0-2: Strikes out looking
|
Batting: RHB Juan Báez
|
0-0: Ball 1-0: Swinging Strike 1-1: Ball 2-1: Swinging Strike 2-2: Strikes out swinging
|
Bottom of the 6th over - 0 run(s), 0 hit(s), 0 error(s), 0 left on base; Bellevue 4 - Myrtle Beach 5 |
TOP OF THE 7TH |
Bellevue Bruins batting - Pitching for Myrtle Beach Seahawks : LHP Bartolo Pérez
|
Batting: LHB Chia-ch'ing Dodman
|
0-0: Ball 1-0: Ball 2-0: Foul Ball, location: 2F 2-1: Swinging Strike 2-2: Ball 3-2: Foul Ball, location: 2F 3-2: Strikes out swinging
|
Batting: LHB Jim Schlossnagle
|
0-0: Called Strike 0-1: Fly out, F9 (Flyball, 89D)
|
Batting: RHB Leo Shoemaker
|
0-0: Swinging Strike 0-1: Called Strike 0-2: Ball 1-2: Fly out, F4 (Line Drive, 4)
|
Top of the 7th over - 0 run(s), 0 hit(s), 0 error(s), 0 left on base; Bellevue 4 - Myrtle Beach 5 |
BOTTOM OF THE 7TH |
Myrtle Beach Seahawks batting - Pitching for Bellevue Bruins : RHP Will Moore
|
Batting: RHB León Sánchez
|
0-0: Ball 1-0: Ball 2-0: Ball 3-0: Base on Balls
|
Batting: LHB Tae-sang Han
|
0-0: Sac Bunt - play at first, batter OUT! 1-4 León Sánchez to second
|
Batting: LHB Jim Unknown
|
0-0: Called Strike 0-1: Foul Ball, location: 2F 0-2: Fly out, F5 (Popup, 5SF)
|
Pinch Hitting: RHB César Villarreal
|
0-0: Fly out, F4 (Popup, 3F)
|
Bottom of the 7th over - 0 run(s), 0 hit(s), 0 error(s), 1 left on base; Bellevue 4 - Myrtle Beach 5 |
TOP OF THE 8TH |
Bellevue Bruins batting - Pitching for Myrtle Beach Seahawks : LHP Bartolo Pérez
|
Pitching: RHP Jack Ward
|
|
Now in LF: César Villarreal
|
|
Batting: RHB Nick Hoskins
|
0-0: Called Strike 0-1: SINGLE (Groundball, 6MD)
|
Batting: RHB Mark Bishop
|
0-0: Bunted foul 0-1: Bunt missed! 0-2: Ball 1-2: Ball 2-2: Ball 3-2: Strikes out swinging
|
Pinch Hitting: SHB Jesús Rodríguez
|
0-0: Ball 1-0: Foul Ball, location: 2F 1-1: Grounds into double play, 4-6-3 (Groundball, 4)
|
Top of the 8th over - 0 run(s), 1 hit(s), 0 error(s), 0 left on base; Bellevue 4 - Myrtle Beach 5 |
BOTTOM OF THE 8TH |
Myrtle Beach Seahawks batting - Pitching for Bellevue Bruins : RHP Will Moore
|
Now at 1B: Jesús Rodríguez
|
|
Batting: RHB Pedro Méndez
|
0-0: Ball 1-0: Ball 2-0: SINGLE (Line Drive, 56D)
|
Batting: RHB Thom Beach
|
0-0: Bunted foul 0-1: Bunted foul 0-2: Ball 1-2: Foul Ball, location: 2F 1-2: Ball 2-2: Ball Wild Pitch! Pedro Méndez to second 3-2: Intentional Walk
|
Pinch Hitting: LHB Ismael Martínez
|
0-0: Bunted foul 0-1: Bunted foul 0-2: Ball 1-2: Ball 2-2: Ball 3-2: Grounds into double play, 4-6-3 (Groundball, 4) Pedro Méndez to third
|
Pitching: RHP Raúl Colón
|
|
Batting: SHB Bill Peterson
|
0-0: Called Strike 0-1: Ball 1-1: Ball 2-1: Foul Ball, location: 2F 2-2: Ball 3-2: Base on Balls
|
Batting: RHB Juan Báez
|
0-0: Ball 1-0: Called Strike 1-1: Ball 2-1: Ball 3-1: Fly out, F7 (Flyball, 7M)
|
Bottom of the 8th over - 0 run(s), 1 hit(s), 0 error(s), 2 left on base; Bellevue 4 - Myrtle Beach 5 |
TOP OF THE 9TH |
Bellevue Bruins batting - Pitching for Myrtle Beach Seahawks : RHP Jack Ward
|
Pitching: RHP Shu-yen Chia
|
|
Now at SS: Ramón Castro
|
|
Pinch Hitting: RHB Javier Valdés
|
0-0: Foul Ball, location: 2F 0-1: Ball 1-1: Called Strike 1-2: Ball 2-2: Ball 3-2: Foul Ball, location: 2F 3-2: Base on Balls
|
Batting: RHB Luis Ríos
|
0-0: Bunted foul 0-1: Sac Bunt - play at first, batter OUT! 1-4 Javier Valdés to second
|
Batting: LHB José Barrón
|
0-0: Ball 1-0: Foul Ball, location: 2F 1-1: Foul Ball, location: 2F 1-2: Ball 2-2: Strikes out looking
|
Batting: LHB Chia-ch'ing Dodman
|
0-0: Called Strike 0-1: Called Strike 0-2: Ball 1-2: SINGLE (Line Drive, 56D) Javier Valdés to third
|
Batting: LHB Jim Schlossnagle
|
0-0: Ball 1-0: Foul Ball, location: 2F 1-1: Foul Ball, location: 2F 1-2: SINGLE (Line Drive, 56) Javier Valdés scores Chia-ch'ing Dodman to second
|
Batting: RHB Leo Shoemaker
|
0-0: Ball 1-0: Ball 2-0: Ball 3-0: Base on Balls Chia-ch'ing Dodman to third Jim Schlossnagle to second
|
Batting: RHB Nick Hoskins
|
0-0: Foul Ball, location: 2F 0-1: Swinging Strike 0-2: Ball 1-2: Strikes out swinging
|
Top of the 9th over - 1 run(s), 2 hit(s), 0 error(s), 3 left on base; Bellevue 5 - Myrtle Beach 5 |
BOTTOM OF THE 9TH |
Myrtle Beach Seahawks batting - Pitching for Bellevue Bruins : RHP Raúl Colón
|
Now at C: Javier Valdés
|
|
Batting: RHB León Sánchez
|
0-0: SINGLE (Groundball, 6MD)
|
Batting: LHB Tae-sang Han
|
0-0: Sac Bunt - play at first, batter OUT! 5-4 León Sánchez to second
|
Batting: LHB Jim Unknown
|
0-0: Called Strike 0-1: Ground out 6-3 (Groundball, 6) León Sánchez to third
|
Batting: RHB César Villarreal
|
0-0: Foul Ball, location: 2F 0-1: Ball 1-1: Ball 2-1: Ball 3-1: Base on Balls
|
Batting: RHB Pedro Méndez
|
0-0: Foul Ball, location: 2F 0-1: Called Strike 0-2: Ball 1-2: Foul Ball, location: 2F 1-2: Strikes out swinging
|
Bottom of the 9th over - 0 run(s), 1 hit(s), 0 error(s), 2 left on base; Bellevue 5 - Myrtle Beach 5 |
TOP OF THE 10TH |
Bellevue Bruins batting - Pitching for Myrtle Beach Seahawks : RHP Shu-yen Chia
|
Batting: RHB Mark Bishop
|
0-0: Called Strike 0-1: Swinging Strike 0-2: Strikes out looking
|
Batting: SHB Jesús Rodríguez
|
0-0: Foul Ball, location: 2F 0-1: Ball 1-1: Called Strike 1-2: Ball 2-2: Ball 3-2: Base on Balls
|
Batting: RHB Javier Valdés
|
0-0: Called Strike 0-1: Swinging Strike 0-2: Foul Ball, location: 2F 0-2: Strikes out swinging
|
Batting: RHB Luis Ríos
|
0-0: Ball 1-0: Ball 2-0: Called Strike 2-1: Ball 3-1: Ground out U3 (Groundball, 3)
|
Top of the 10th over - 0 run(s), 0 hit(s), 0 error(s), 1 left on base; Bellevue 5 - Myrtle Beach 5 |
BOTTOM OF THE 10TH |
Myrtle Beach Seahawks batting - Pitching for Bellevue Bruins : RHP Raúl Colón
|
Batting: RHB Thom Beach
|
0-0: SINGLE (Line Drive, 4D)
|
Batting: LHB Ramón Castro
|
0-0: Bunted foul 0-1: Bunted foul 0-2: Ball Passed Ball! Thom Beach to second 1-2: Foul Ball, location: 2F 1-2: Ground out U3 (Groundball, 3L) Thom Beach to third
|
Batting: SHB Bill Peterson
|
0-0: Intentional Walk
|
Batting: RHB Juan Báez
|
0-0: Ball 1-0: Called Strike 1-1: Foul Ball, location: 2F 1-2: Ball 2-2: Foul Ball, location: 2F 2-2: Strikes out swinging
|
Batting: RHB León Sánchez
|
0-0: Called Strike 0-1: Ball 1-1: Swinging Strike Pickoff Throw to First - Error! E1 Thom Beach scores
|
|